 Dungeon Crawl Stone Soup version 0.20-a0-642-g4ff03ff (webtiles) character file.

6386 nubinia the Basher (level 10, -2/77 HPs)
             Began as a Demonspawn Monk on Feb 14, 2017.
             Was a High Priest of Ashenzari.
             Shot with an arrow by a centaur (11 damage)
             ... on level 9 of the Dungeon.
             The game lasted 00:51:23 (11806 turns).

nubinia the Basher (Demonspawn Monk)               Turns: 11806, Time: 00:51:23

Health: -2/77      AC: 11    Str: 16    XL:     10   Next: 66%
Magic:  10/10      EV: 23    Int: 13    God:    Ashenzari [*****.]
Gold:   232        SH:  6    Dex: 20    Spells: 9/9 levels left

rFire    . . .     SeeInvis +   d - -1 whip (curse)
rCold    . . .     Gourm    .   b - +0 robe
rNeg     + . .     Faith    .   h - +0 buckler
rPois    .         Spirit   .   (helmet restricted)
rElec    .         Reflect  .   (no cloak)
rCorr    .         Harm     .   i - +2 pair of gloves
MR       .....     Clarity  +   x - +0 pair of boots
Stlth    ++++......             z - amulet of magic regeneration
Regen    0.3/turn               q - ring of positive energy (curse)
MPRegen  0.2/turn               m - +5 ring of protection (curse)

@: agile
A: fangs 1, hooves 1, horns 1, blink, clever 1, powered by death 1, powered by
pain 1, wild magic 1
a: Blink, Curse Item, Scrying, Transfer Knowledge, Renounce Religion


You were on level 9 of the Dungeon.
You worshipped Ashenzari.
Ashenzari was extremely pleased with you.
You were not hungry.

You visited 2 branches of the dungeon, and saw 10 of its levels.
You also visited: Ossuary.

You collected 435 gold pieces.
You spent 203 gold pieces at shops.

Inventory:

Hand Weapons
 a - a +0 spear
 d - a cursed -1 whip (weapon)
 J - a +1 whip of freezing
Armour
 b - a +0 robe (worn)
 h - a +0 buckler (worn)
 i - a +2 pair of gloves (worn)
 r - a cursed +0 cloak
 x - a +0 pair of boots (worn)
 G - a cursed +0 leather armour
Jewellery
 k - a +1 ring of evasion
 m - a cursed +5 ring of protection (left hand)
 q - a cursed ring of positive energy (right hand)
 s - an uncursed amulet of magic regeneration
 z - an amulet of magic regeneration (around neck)
 F - an uncursed ring of flight
Wands
 p - a wand of acid (3/15)
 B - a wand of iceblast (6/15)
 I - a wand of confusion (14/48)
Scrolls
 l - 3 scrolls of teleportation
 y - 2 scrolls of magic mapping
 A - 2 scrolls of enchant weapon
 D - 4 scrolls of identify
 K - a scroll of remove curse
Potions
 e - 2 potions of heal wounds
 g - a potion of invisibility
 j - 4 potions of agility
 n - 7 potions of curing
 t - a potion of haste
 u - a potion of mutation
 v - a potion of resistance
 H - a potion of lignification
Books
 E - a book of Callings

   Spells                             Type                      Level
   a - Summon Small Mammal            Summoning                    1
   b - Call Imp                       Summoning                    2
   c - Call Canine Familiar           Summoning                    3
   d - Summon Guardian Golem          Hexes/Summoning              3
   e - Summon Lightning Spire         Summoning/Air                4
   f - Summon Ice Beast               Ice/Summoning                4
Comestibles
 c - 9 bread rations
 f - a fruit
 o - 6 meat rations
 w - 5 royal jellies


   Skills:
 + Level 6.8 Fighting
 + Level 9.5(13.3) Maces & Flails
 + Level 3.1 Polearms
 + Level 7.7 Dodging
 + Level 5.6 Stealth
 + Level 4.3 Shields
 + Level 0.4(1.4) Evocations


You had 9 spell levels left.
You didn't know any spells.

Dungeon Overview and Level Annotations

Branches:
Dungeon (9/15)             Temple (1/1) D:5
   Lair: D:8-11         Orc: D:9-12

Altars:
Ashenzari
Cheibriados
Dithmenos
Elyvilon
Fedhas
Hepliaklqana
Kikubaaqudgha
Nemelex Xobeh
Okawaru
Qazlal
Ru
Sif Muna
Trog
Uskayaw
Vehumet
Xom
Yredelemnul
Zin
The Shining One

Shops:
D:6 !*!%[   D:7 (


Innate Abilities, Weirdness & Mutations

You have large cloven feet.
You have a pair of small horns on your head.
You regenerate a little health from kills.
You sometimes gain a little power by taking damage.
You have very sharp teeth.
You can translocate small distances at will.
Your mind is acute. (Int +2)
Your spells are a little harder to cast, but a little more powerful.


Message History

You hit the iguana but do no damage.
You headbutt the iguana, but do no damage.
You bite the iguana, but do no damage.
The iguana is moderately wounded.
A centaur comes into view.
The centaur shouts!
You hit the iguana but do no damage. You headbutt the iguana.
The iguana is heavily wounded.
The iguana completely misses you. The iguana misses you.
The centaur wields a shortbow.
The centaur shoots an arrow.
The arrow hits you!
* * * LOW HITPOINT WARNING * * *
You see here an arrow.
A phantom comes into view.
All of the chunks of flesh in your inventory have rotted away.
The phantom blinks!
The centaur shoots an arrow.
The arrow hits you.
* * * LOW HITPOINT WARNING * * *
The centaur shoots an arrow.
The arrow hits you!
You die...

,,8 * * #.* , #.#############* *
* * ,, *#.............. ,
#8...8##..............,,,,,
##.....##.............. , ,, ,
#_....._#..............,,,,, ,
*#.....##.............. , ,
#8...8##......@.......,,, , ,
##>##*#.............. , ,,,
##########.....l........ ,,,,
...............Y........, ,,,
........................ ,, ,
............c........... , ,
..............=.........,, ,,
........................,,,,, ,
.................................


You could see an ice beast, a centaur and an iguana.

Vanquished Creatures
  A two-headed ogre (D:9)
  Pikel (D:8)
  A hornet (D:7)
  2 hippogriffs (D:8)
  A water moccasin (D:6)
  3 orc warriors
  3 ice beasts (D:8)
  A slave (D:8)
  3 phantoms
  6 ogres
  A necrophage (D:8)
  4 sky beasts
  4 centaurs
  A big kobold (D:7)
  3 bullfrogs
  A wyvern skeleton (D:8)
  6 scorpions
  8 killer bees
  A howler monkey (D:5)
  A wight (D:8)
  5 crimson imps
  4 hounds
  2 orc priests
  4 jellies
  A human zombie (Ossuary)
  3 bullfrog skeletons
  A centaur skeleton (D:8)
  3 iguanas
  6 worker ants
  8 orc wizards
  2 big kobold zombies (Ossuary)
  A hound skeleton (D:8)
  A mummy (D:4)
  11 gnolls
  10 adders
  2 shadow imps
  6 oozes
  5 worms
  A dart slug (D:2)
  6 leopard geckos
  43 orcs
  A ball python (D:8)
  12 bats
  12 giant cockroaches
  8 goblins
  9 hobgoblins
  9 jackals
  4 quokkas
  8 frilled lizards
  A giant cockroach zombie (D:6)
  3 hobgoblin zombies (D:4)
  A jackal skeleton (D:4)
  10 kobolds
  3 kobold zombies
  A leopard gecko skeleton (D:8)
  An orc zombie (Ossuary)
  2 quokka skeletons
  A quokka zombie (D:5)
  9 rats
272 creatures vanquished.

Vanquished Creatures (others)
  A slave (D:9)
  An iguana (D:9)
  An orc wizard (D:4)
3 creatures vanquished.

Grand Total: 275 creatures vanquished

Notes
Turn   | Place    | Note
-------+----------+-------------------------------------------
     0 | D:1      | nubinia the Demonspawn Monk began the quest for the Orb.
     0 | D:1      | Reached XP level 1. HP: 18/18 MP: 1/1
   174 | D:1      | Found a shattered altar of Ashenzari.
   187 | D:1      | Became a worshipper of Ashenzari the Shackled
   187 | D:1      | Reached * piety under Ashenzari
   187 | D:1      | Reached ** piety under Ashenzari
   271 | D:1      | Gained mutation: You have a pair of small horns on your head. [demonic ancestry]
   271 | D:1      | Reached XP level 2. HP: 21/24 MP: 2/2
   620 | D:1      | Reached XP level 3. HP: 10/29 MP: 3/3
  1405 | D:2      | Reached skill level 1 in Maces & Flails
  1458 | D:2      | Reached XP level 4. HP: 35/35 MP: 4/4
  2435 | D:3      | Reached skill level 1 in Shields
  2440 | D:3      | Reached XP level 5. HP: 17/41 MP: 5/5
  2881 | D:3      | Reached skill level 2 in Maces & Flails
  3897 | D:3      | Gained mutation: You regenerate a little health from kills. [demonic ancestry]
  3897 | D:3      | Reached XP level 6. HP: 42/48 MP: 6/6
  4092 | D:4      | Reached *** piety under Ashenzari
  4415 | D:4      | Reached skill level 3 in Maces & Flails
  4982 | D:5      | Entered Level 5 of the Dungeon
  5032 | D:5      | Found a sand-covered staircase.
  5039 | Ossuary  | Entered an ossuary
  5078 | Ossuary  | Reached XP level 7. HP: 35/54 MP: 7/7
  5334 | Ossuary  | Reached skill level 4 in Maces & Flails
  5432 | Ossuary  | Noticed Graouh's ghost (amateur MiFi)
  6842 | D:5      | Found a staircase to the Ecumenical Temple.
  6848 | Temple   | Entered the Ecumenical Temple
  7006 | D:5      | Reached skill level 5 in Maces & Flails
  7006 | D:5      | Reached skill level 5 in Dodging
  7006 | D:5      | Gained mutation: You sometimes gain a little power by taking damage. [demonic ancestry]
  7006 | D:5      | Reached XP level 8. HP: 61/61 MP: 8/8
  7017 | D:5      | Reached **** piety under Ashenzari
  7376 | D:6      | Found an iron altar of Okawaru.
  7424 | D:6      | Found Popev's Food Emporium.
  7600 | D:6      | Found Fucke's Armour Emporium.
  7737 | D:6      | Reached skill level 6 in Maces & Flails
  7755 | D:6      | Found Puno's General Store.
  7825 | D:6      | Reached skill level 5 in Fighting
  7842 | D:6      | Found Jaeruexi's Distillery.
  7881 | D:6      | Found Raez's Distillery.
  8083 | D:6      | Bought a potion of might for 48 gold pieces
  8083 | D:6      | Bought a potion of degeneration for 12 gold pieces
  8099 | D:6      | Bought a potion of invisibility for 88 gold pieces
  8099 | D:6      | Bought a potion of heal wounds for 55 gold pieces
  8294 | D:7      | Reached skill level 7 in Maces & Flails
  8294 | D:7      | Reached XP level 9. HP: 64/68 MP: 9/9
  8435 | D:7      | Paralysed by a hornet for 2 turns
  8631 | D:7      | Found Ytewoac's Antique Weapon Boutique.
  8688 | D:7      | Gained mutation: Your muscles are strong. (Str +2) [potion of mutation]
  8688 | D:7      | Gained mutation: You have large cloven feet. [potion of mutation]
  8688 | D:7      | Gained mutation: You occasionally shout uncontrollably at your foes. [potion of mutation]
  8688 | D:7      | Gained mutation: Your spells are a little harder to cast, but a little more powerful. [potion of mutation]
  9622 | D:8      | Reached skill level 8 in Maces & Flails
  9622 | D:8      | Reached skill level 5 in Stealth
  9865 | D:8      | Lost mutation: Your muscles are strong. (Str +2) [potion of mutation]
  9865 | D:8      | Lost mutation: You have large cloven feet. [potion of mutation]
  9865 | D:8      | Lost mutation: Your spells are a little harder to cast, but a little more powerful. [potion of mutation]
  9865 | D:8      | Lost mutation: You occasionally shout uncontrollably at your foes. [potion of mutation]
  9865 | D:8      | Gained mutation: Your mind is acute. (Int +2) [potion of mutation]
  9865 | D:8      | Gained mutation: You have very sharp teeth. [potion of mutation]
  9865 | D:8      | Gained mutation: You can translocate small distances at will. [potion of mutation]
  9865 | D:8      | Gained mutation: Your spells are a little harder to cast, but a little more powerful. [potion of mutation]
 10280 | D:8      | Gained mutation: You have large cloven feet. [demonic ancestry]
 10280 | D:8      | Reached XP level 10. HP: 76/76 MP: 10/10
 10977 | D:8      | Reached skill level 9 in Maces & Flails
 11445 | D:9      | Reached ***** piety under Ashenzari
 11445 | D:9      | Noticed Pikel
 11508 | D:8      | Killed Pikel
 11599 | D:9      | Noticed a two-headed ogre
 11692 | D:9      | Found a radiant altar of Vehumet.
 11694 | D:9      | Found a shattered altar of Ashenzari.
 11787 | D:9      | Killed a two-headed ogre
 11806 | D:9      | Shot with an arrow by a centaur

Vault maps used:
D:1:      grunt_arrival_crossed_arrows, minmay_statues_item, serial_park_tiny_2,
          evilmike_ruin_ashenzari
D:3:      first_bread
D:4:      minmay_mini_ossuary
D:5:      minmay_temple_entry_enclosed_plants, chequers_ossuary_entry_cave
D:6:      okawaru_gym_becter, serial_shops, nicolae_shop_window_shopping,
          nicolae_shop_waterfront, nicolae_shop_trees, shop,
          kennysheep_mini_moat
D:7:      serial_shops, shop
D:8:      minmay_imperfect_grid
D:9:      nicolae_overflow_hidden_temple, uniq_pikel
Temple:   compressed_dpeg_circular_temple
Ossuary:  ossuary_minmay_scorpions

Skill      XL: |  1  2  3  4  5  6  7  8  9 10 |
---------------+-------------------------------+-----
Dodging        | 3 4 5 6 7 |  7.7
Polearms       | 3 |  3.1
Stealth        | 2 3 4 5 |  5.6
Maces & Flails | 1 2 3 5 7 8 9 |  9.5
Shields        | 1 2 3 4 |  4.3
Fighting       | 4 5 6 |  6.8
Evocations     | |  0.4

Action                   |  1- 3 |  4- 6 |  7- 9 | 10-12 || total
-------------------------+-------+-------+-------+-------++-------
Melee: Spear             |    26 |       |       |       ||    26
       Whip              |   111 |   504 |   861 |   362 ||  1838
       Headbutt          |    24 |   115 |   218 |    81 ||   438
       Bite              |       |       |    11 |    51 ||    62
Invok: Curse Item        |       |       |     2 |       ||     2
Evoke: Wand              |       |       |       |     4 ||     4
  Use: Scroll            |     5 |     3 |     6 |     4 ||    18
       Potion            |       |     1 |     6 |     1 ||     8
 Stab: Sleeping          |     4 |     5 |    13 |     2 ||    24
       Distracted        |       |     2 |     2 |     1 ||     5
       Invisible         |       |       |     3 |       ||     3
  Eat: Chunk             |     2 |    12 |    16 |     6 ||    36
       Fruit             |       |       |     1 |       ||     1
Armor: Robe              |    33 |   146 |   133 |    54 ||   366
Dodge: Dodged            |    92 |   231 |   317 |   174 ||   814
Block: Buckler           |    18 |    62 |    90 |    53 ||   223
